 Dungeon Crawl Stone Soup version 0.29.0-5-ge4962eb29e (webtiles) character file.

Game seed: 10378836828078161677

15121 Zeldest the Brawler (level 11, 0/103 HPs)
             Began as a Troll Chaos Knight on Aug 29, 2022.
             Was a Plaything of Xom.
             Slain by a two-headed hydra (11 damage)
             ... on level 4 of the Lair of Beasts.
             The game lasted 00:17:03 (9179 turns).

Zeldest the Brawler (Troll Chaos Knight)            Turns: 9179, Time: 00:17:04

Health: 0/103      AC: 14    Str: 26    XL:     11   Next: 97%
Magic:  5/10       EV: 13    Int:  8    God:    Xom [.....*]
Gold:   543        SH:  4    Dex:  7    Spells: 10/10 levels left

rFire   + . .      SeeInvis .   u - +2 hand axe (flame)
rCold   . . .      Faith    .   (no shield)
rNeg    . . .      Spirit   .   C - +0 steam dragon scales
rPois   .          Reflect  .   (helmet restricted)
rElec   .          Harm     .   y - +2 cloak
rCorr   .          Rampage  .   (gloves unavailable)
Will    .....                   (boots unavailable)
Stlth   ++........              i - amulet of regeneration
HPRegen 2.67/turn               H - +4 ring of protection
MPRegen 0.12/turn               D - +4 ring of evasion

@: no status effects
A: large, unfitting armour, claws 3, regeneration 2, shaggy fur 1, tough skin 1,
large bone plates 1, camouflage 1, clumsy 1, fire resistance 1, frail 1,
MP-powered wands
a: Renounce Religion


You were on level 4 of the Lair of Beasts.
You worshipped Xom.
You were Xom's teddy bear.
You visited 3 branches of the dungeon, and saw 14 of its levels.
You also visited: Sewer and Bailey.

You collected 898 gold pieces.
You spent 355 gold pieces at shops.

Inventory:

Hand Weapons
 u - a +2 hand axe of flaming (weapon)
Missiles
 r - 12 boomerangs
 t - 9 curare-tipped darts (quivered)
Armour
 y - a +2 cloak (worn)
 C - +0 steam dragon scales (worn)
Jewellery
 g - an amulet of guardian spirit
 i - an amulet of regeneration (around neck)
 o - a ring of willpower
 v - an amulet of the acrobat
 z - a +4 ring of evasion
 D - a +4 ring of evasion (right claw)
 H - a +4 ring of protection (left claw)
Wands
 k - a wand of polymorph (13)
 n - a wand of roots (12)
 q - a wand of charming (11)
 E - a wand of flame (14)
Scrolls
 a - a scroll of vulnerability {unknown}
 c - a scroll of blinking
 d - 4 scrolls of amnesia
 h - 2 scrolls of butterflies
 m - 5 scrolls of teleportation
 w - 2 scrolls of fear
 A - 2 scrolls of enchant armour
 B - 2 scrolls of magic mapping {unknown}
 G - a scroll of enchant weapon {unknown}
 J - a scroll of noise
Potions
 e - 2 potions of resistance
 f - 2 potions of haste
 j - 8 potions of curing
 l - 2 potions of lignification
 p - 3 potions of heal wounds
 x - 5 potions of flight
 F - 3 potions of ambrosia
 I - a potion of brilliance
 K - 2 potions of berserk rage
 L - a potion of cancellation
Miscellaneous
 b - a piece from Xom's chessboard (15/15)


   Skills:
 + Level 9.4 Fighting
 + Level 6.0 Throwing
 + Level 1.2 Armour
 - Level 1.9 Dodging
 + Level 15.0 Unarmed Combat


You had 10 spell levels left.
You didn't know any spells.
Your spell library contained the following spells:

 Spells                   Type           Power      Damage    Failure   Level
 Foxfire                  Conj/Fire      0%         2x1d4     41%         1
 Call Canine Familiar     Summ           0%         N/A       78%         3
 Conjure Flame            Conj/Fire      0%         6-21      78%         3
 Inner Flame              Hex/Fire       0%         N/A       78%         3
 Portal Projectile        Hex/Tloc       0%         N/A       78%         3
 Flame Wave               Conj/Fire      0%         2d4       99%         4
 Leda's Liquefaction      Hex/Erth       0%         N/A       99%         4


Dungeon Overview and Level Annotations

Branches:
Dungeon (9/15)             Temple (1/1) D:4            Lair (4/5) D:8
 Shoals (0/4) Lair:3        Snake (0/4) Lair:3        Sewer (visited)
 Bailey (visited)
  Slime: Lair:4-5       Orc: D:9-12

Altars:
Ashenzari
Cheibriados
Dithmenos
Elyvilon
Fedhas
Gozag
Hepliaklqana
Kikubaaqudgha
Makhleb
Nemelex Xobeh
Okawaru
Qazlal
Ru
Sif Muna
Trog
Uskayaw
Vehumet
Wu Jian
Yredelemnul
Zin
The Shining One

Shops:
D:1 !(=!   D:4 ![!*   D:5 *


Innate Abilities, Weirdness & Mutations

You are too large for most types of armour.
You have claws for hands.
You heal very quickly.
You are covered in fur. (AC +1)
You have tough skin. (AC +1)
You are partially covered in large bone plates. (SH +4)
Your skin changes colour to match your surroundings (Stealth+).
You are clumsy. (Dex -2)
Your flesh is heat resistant. (rF+)
You are frail. (-10% HP)
You expend magic power (3 MP) to strengthen your wands.


Message History

The komodo dragon bites you!
The two-headed hydra bites you but does no damage. x3
The two-headed hydra bites you!
The komodo dragon completely misses you.
Your iron imp closely misses the two-headed hydra.
You hit the two-headed hydra. You burn the two-headed hydra.
The two-headed hydra is severely wounded.
You hit the komodo dragon but do no damage.
Xom guffaws.
Your iron imp easily resists.
The two-headed hydra flies into a frenzy!
The komodo dragon resists with some effort.
The two-headed hydra barely misses the komodo dragon.
The two-headed hydra bites the komodo dragon!!
The komodo dragon dies!
The two-headed hydra bites you but does no damage.
The two-headed hydra bites you!!
* * * LOW HITPOINT WARNING * * *
Your iron imp hits the two-headed hydra!
Your Throwing skill increases to level 6!
The two-headed hydra bites your iron imp! x2
Your iron imp dies!
Your iron imp degenerates into a cloud of primal chaos!
The two-headed hydra roars!
What are your orders? t - Shout!
Orders for allies: a - Attack new target. p - Attack previous target. r - Retreat! s - Stop attacking. g - Guard the area. f - Follow me.
Anything else - Cancel.
Retreat in which direction?
Press: ? - help, Dir - move target, p - two-headed hydra Fall back!
The two-headed hydra closely misses you.
The two-headed hydra bites you!
* * * LOW HITPOINT WARNING * * *
The two-headed hydra attacks as you move away!
The two-headed hydra bites you!
You die... "I guess I need a new plaything now."

##. #...P# ..
#...## ..##
#.>..# ..P.
#....##....P #
###..........
##'##........####
.........###.##
.........#.#..#.#
.......†@........
........D........
.)...........P.##
........†..#####
...........#
..#.....(...#
..#.....(.....
..........##..
..P........ ...


You could see a neutral two-headed hydra (fast, strong, insane).

Vanquished Creatures
  A bunyip (Lair:2)
  Sonja (Lair:2)
  An orc knight (Bailey)
  A merfolk siren (Lair:3)
  9 cane toads
  A rime drake (Lair:1)
  2 komodo dragons
  A troll (D:9)
  A polar bear (Lair:2)
  4 blink frogs (Lair:1)
  A shadow (D:7)
  2 wyverns
  9 yaks
  2 basilisks (Lair:1)
  2 steam dragons
  3 nagas
  13 water moccasins
  8 orc warriors
  A sky beast (D:7)
  6 black bears
  2 ice beasts
  3 ogres
  2 centaurs (D:6)
  2 phantoms
  9 kobold brigands
  A scorpion (D:4)
  9 bullfrogs
  4 killer bees (D:8)
  A jelly (D:4)
  A howler monkey (D:4)
  A crimson imp (D:7)
  3 orc priests
  2 hounds
  5 iguanas
  8 orc wizards
  4 gnolls (D:6)
  18 adders
  A river rat (D:3)
  A white imp (D:7)
  5 worms
  4 dart slugs (D:1)
  27 orcs
  6 ball pythons
  8 bats
  7 endoplasms
  4 hobgoblins
  2 quokkas
  3 frilled lizards (D:1)
  7 goblins
  34 kobolds
  8 rats
261 creatures vanquished.

Vanquished Creatures (collateral kills)
  A komodo dragon (Lair:4)
  2 adders (D:3)
  A bat (D:3)
  A kobold (D:3)
5 creatures vanquished.

Vanquished Creatures (others)
  A kobold brigand (Bailey)
  13 fungi
  12 plants
26 creatures vanquished.

Grand Total: 292 creatures vanquished

Notes
Turn   | Place    | Note
-------+----------+-------------------------------------------
     0 | D:1      | Zeldest the Troll Chaos Knight began the quest for the Orb.
     0 | D:1      | Reached XP level 1. HP: 22/22 MP: 0/0
    32 | D:1      | XOM: silly message
    91 | D:1      | XOM: silly message
   201 | D:1      | Found Cyklu's Distillery.
   271 | D:1      | Found Cuhoc's Weapon Shoppe.
   280 | D:1      | Reached XP level 2. HP: 25/29 MP: 1/1
   377 | D:1      | Found Edowyvik's Jewellery Emporium.
   401 | D:1      | Found Afajadeh's Distillery.
   611 | D:1      | Reached XP level 3. HP: 36/36 MP: 2/2
   971 | D:1      | Bought 2 potions of lignification for 72 gold pieces
   971 | D:1      | Bought a potion of degeneration for 12 gold pieces
  1053 | D:2      | Reached skill level 4 in Unarmed Combat
  1058 | D:2      | Reached XP level 4. HP: 40/45 MP: 3/3
  1080 | D:2      | XOM: noise
  1588 | D:2      | XOM: 4-stop teleportation journey
  1617 | D:2      | XOM is BORED!
  1659 | D:3      | Reached skill level 5 in Unarmed Combat
  1692 | D:3      | XOM: cloud trail
  1713 | D:3      | XOM: summons friendly iron imp
  1794 | D:3      | Reached XP level 5. HP: 53/53 MP: 4/4
  1852 | D:3      | Found a glowing drain.
  1862 | Sewer    | Entered a sewer
  1960 | Sewer    | XOM: 4-stop teleportation journey
  1961 | Sewer    | Reached XP level 6. HP: 58/62 MP: 5/5
  1964 | Sewer    | Reached skill level 6 in Unarmed Combat
  2174 | Sewer    | XOM: draining
  2568 | D:4      | XOM: 2-stop teleportation journey
  2609 | D:4      | Found a sparkling altar of Nemelex Xobeh.
  2633 | D:4      | XOM: swap monsters
  2636 | D:4      | Reached XP level 7. HP: 63/67 MP: 6/6
  2643 | D:4      | Reached skill level 7 in Unarmed Combat
  2724 | D:4      | XOM: stat loss: -1 Str (22/23)
  2798 | D:4      | Found a staircase to the Ecumenical Temple.
  2849 | D:4      | XOM: cloud trail
  2854 | Temple   | Entered the Ecumenical Temple
  3148 | D:4      | XOM is BORED!
  3233 | D:4      | Found Kier's Assorted Antiques.
  3239 | D:4      | Found Leal's Distillery.
  3239 | D:4      | Found Rosm's Distillery.
  3244 | D:4      | Bought an embroidered robe for 99 gold pieces
  3259 | D:4      | Found Noifo's Antique Armour Boutique.
  3526 | D:4      | XOM: give mutations
  3526 | D:4      | Gained mutation: You are clumsy. (Dex -2) [Xom's mischief]
  3526 | D:4      | Gained mutation: You are very clumsy. (Dex -4) [Xom's
                  | mischief]
  3526 | D:4      | Gained mutation: You are dopey. (Int -2) [Xom's mischief]
  3526 | D:4      | Gained mutation: You are weak. (Str -2) [Xom's mischief]
  3558 | D:5      | Entered Level 5 of the Dungeon
  3646 | D:5      | You fall into a shaft and drop 1 floor!
  3688 | D:6      | Reached skill level 5 in Fighting
  3688 | D:6      | Reached skill level 8 in Unarmed Combat
  3689 | D:6      | XOM: cleaving
  3694 | D:6      | Reached XP level 8. HP: 38/80 MP: 7/7
  3782 | D:6      | Found a snail-covered altar of Cheibriados.
  3782 | D:6      | XOM: 3-stop teleportation journey
  3871 | D:6      | Reached skill level 9 in Unarmed Combat
  4014 | D:6      | Found a broken altar of Ashenzari.
  4029 | D:6      | Found a blossoming altar of Fedhas.
  4221 | D:5      | Found a shimmering blue altar of Sif Muna.
  4312 | D:5      | XOM: draining
  4321 | D:5      | XOM: butterfly on damage
  4323 | D:5      | XOM: polymorph butterfly -> orc
  4336 | D:5      | Found Zeitin's Assorted Antiques.
  4457 | D:5      | XOM: give mutation
  4457 | D:5      | Gained mutation: You are frail. (-10% HP) [Xom's mischief]
  4546 | D:5      | XOM: silly message
  4575 | D:5      | XOM: summons 5 hostile demons
  4576 | D:5      | Noticed a sixfirhy
  4766 | D:4      | Bought an embroidered cloak for 172 gold pieces
  4838 | D:7      | XOM: 2-stop teleportation journey
  4839 | D:7      | Found a stormy altar of Qazlal.
  4869 | D:7      | Reached skill level 10 in Unarmed Combat
  4909 | D:7      | Reached XP level 9. HP: 80/80 MP: 8/8
  5012 | D:7      | XOM: confusion
  5026 | D:7      | XOM: give mutation
  5026 | D:7      | Lost mutation: You are dopey. (Int -2) [Xom's mischief]
  5119 | D:7      | XOM: blink monster(s)
  5155 | D:7      | Reached skill level 11 in Unarmed Combat
  5162 | D:7      | XOM: swap monsters
  5216 | D:7      | Found a burning altar of Makhleb.
  5447 | D:7      | Lost mutation: You are weak. (Str -2) [potion of mutation]
  5447 | D:7      | Lost mutation: You are very clumsy. (Dex -4) [potion of
                  | mutation]
  5447 | D:7      | Gained mutation: You have hidden genetic potential. [potion
                  | of mutation]
  5447 | D:7      | Gained mutation: You expend magic power (3 MP) to
                  | strengthen your wands. [potion of mutation]
  5447 | D:7      | Gained mutation: Your flesh is heat resistant. (rF+)
                  | [potion of mutation]
  5447 | D:7      | Gained mutation: You are partially covered in large bone
                  | plates. (SH +4) [potion of mutation]
  5539 | D:8      | XOM: silly message
  5563 | D:8      | Reached skill level 12 in Unarmed Combat
  5635 | D:8      | Found a shadowy altar of Dithmenos.
  5635 | D:8      | Found a glowing golden altar of the Shining One.
  5743 | D:8      | Found a flagged portal.
  5762 | Bailey   | Entered a bailey
  5808 | Bailey   | Reached XP level 10. HP: 90/91 MP: 9/9
  5884 | Bailey   | Noticed an orc knight
  5888 | Bailey   | XOM: cast spell 'Disjunction'
  5894 | Bailey   | Found a burning altar of Makhleb.
  5909 | Bailey   | Killed an orc knight
  5910 | Bailey   | Reached skill level 1 in Throwing
  6060 | D:8      | Gained mutation: Your skin changes colour to match your
                  | surroundings (Stealth+). [hidden potential]
  6105 | D:8      | Reached skill level 13 in Unarmed Combat
  6441 | D:8      | Found a staircase to the Lair.
  6608 | D:9      | Noticed a cyclops
  6609 | D:9      | Noticed a shock serpent
  6609 | D:9      | a cyclops changed into a shock serpent
  6609 | D:9      | XOM: polymorph cyclops -> shock serpent
  6679 | Lair:1   | Entered Level 1 of the Lair of Beasts
  6700 | Lair:1   | Noticed a cane toad
  6707 | Lair:1   | Killed a cane toad
  6709 | Lair:1   | Noticed a cane toad
  6716 | Lair:1   | Killed a cane toad
  6805 | Lair:1   | Noticed a cane toad
  6809 | Lair:1   | Killed a cane toad
  6811 | Lair:1   | XOM: 4-stop teleportation journey
  6866 | Lair:1   | Noticed a cane toad
  6870 | Lair:1   | a cane toad changed into a rime drake
  6870 | Lair:1   | XOM: polymorph cane toad -> rime drake
  6871 | Lair:1   | Reached XP level 11. HP: 101/101 MP: 10/10
  6987 | Lair:1   | XOM: divination: magic mapping
  7189 | Lair:1   | XOM: polymorph blink frog -> water moccasin
  7223 | Lair:1   | Gained mutation: You heal very quickly. [hidden potential]
  7223 | Lair:1   | Lost mutation: You have hidden genetic potential. [hidden
                  | potential expressed]
  7325 | Lair:1   | Reached skill level 14 in Unarmed Combat
  7503 | Lair:2   | XOM: god gift: scroll of noise
  7649 | Lair:2   | Noticed Sonja
  7663 | Lair:2   | Killed Sonja
  7717 | Lair:2   | Reached skill level 5 in Throwing
  7746 | Lair:2   | Noticed a seven-headed hydra
  7749 | Lair:2   | Noticed a bunyip
  7749 | Lair:2   | a seven-headed hydra changed into a bunyip
  7749 | Lair:2   | XOM: polymorph seven-headed hydra -> bunyip
  7759 | Lair:2   | Killed a bunyip
  8344 | Lair:3   | XOM: 3-stop teleportation journey
  8353 | Lair:3   | XOM: chaos upgrade
  8358 | Lair:3   | Found a staircase to the Shoals.
  8513 | Lair:3   | Identified the +10 falchion "Hugankia" {venom, rElec rPois}
  8629 | Lair:3   | Found a staircase to the Snake Pit.
  8935 | Lair:3   | Reached skill level 15 in Unarmed Combat
  9114 | Lair:4   | Reached skill level 1 in Armour
  9159 | Lair:4   | Noticed a six-headed hydra
  9171 | Lair:4   | XOM: summons friendly iron imp
  9172 | Lair:4   | XOM: scenery: 1 doors open
  9175 | Lair:4   | XOM: cast spell 'Discord'
  9179 | Lair:4   | Slain by a two-headed hydra

Illustrated notes

Levels and vault maps discovered:
D:1:      dpeg_arrival_erosion, layout_loops_corners, serial_shops, shop,
          nicolae_shop_advertising_works [nicolae_subvault_shop_adworks], shop,
          shop, dreamdust_mushroom_princess,
          wander_ebering_terrifying_dragon_lair
D:2:      layout_loops_ring
D:3:      layout_rooms, lightli_sewer_entry_pipes
D:4:      layout_basic, amcnicky_altar_gilded, minmay_temple_entry_nine_rooms,
          chequers_serial_rivers_small_3, minmay_shop_grid_forest,
          grunt_decor_mini_mirrors
D:5:      minmay_bubble_buster, layout_loops_ring,
          nicolae_overflow_crystal_walls, serial_shops, shop
D:6:      layout_rooms, ashenzari_altar_1,
          mainiacjoe_overflow_concentric_impassable,
          fedhas_bush_and_centaur_altar
D:7:      layout_basic, grunt_qazlal_sundering, makhleb_grotto_becter,
          minmay_crossroads
D:8:      layout_basic, amethyst_overflow_temple_binary,
          grunt_lair_entry_orc_guard_hut, enter_bailey_6
D:9:      wander_kiku_kobolds, layout_layer_cave, mainiacjoe_overflow_alcove_4
Temple:   nicolae_temple_hex_pool
Lair:1:   layout_cave_pods, cheibrodos_lair_caveside_slide,
          nicolae_quartered_pool_little, st_stairs_8, serial_bayou_crossing
Lair:2:   layout_cave_pods, lemuel_fruit_tree, lemuel_fruit_fields,
          grunt_megastairs_1, uniq_sonja
Lair:3:   layout_regular_city, minmay_shoals_entry_lonely_mermaid,
          guppyfry_snake_entry_garden, serial_bayou_pond_b, serial_bayou_shore_b
Lair:4:   layout_regular_city, wad_woods_river_01

Skill      XL: |  1  2  3  4  5  6  7  8  9 10 11 |
---------------+----------------------------------+-----
Fighting       | 3 4 5 6 7 8 9 |  9.4
Unarmed Combat | 4 5 6 8 10 12 13 15 | 15.0
Throwing       | 3 6 |  6.0
Armour         | 1 |  1.2
Dodging        | |  1.9

Action                   |  1- 3 |  4- 6 |  7- 9 | 10-12 || total
-------------------------+-------+-------+-------+-------++-------
Melee: Unarmed           |    67 |   149 |   314 |   249 ||   779
       Punch             |     3 |     4 |    13 |    17 ||    37
       Hand axe          |       |       |       |     8 ||     8
Throw: Dart              |       |       |       |    12 ||    12
Evoke: Wand              |       |       |     4 |     4 ||     8
  Use: Scroll            |       |     7 |     3 |     5 ||    15
       Potion            |       |       |     9 |     1 ||    10
 Stab: Sleeping          |     1 |     2 |     1 |     3 ||     7
       Invisible         |       |       |     1 |     1 ||     2
Armor: Robe              |    34 |    45 |   108 |    11 ||   198
       Steam dragon scal |       |       |       |    63 ||    63
Dodge: Dodged            |    29 |    55 |   137 |   114 ||   335
Block: Other             |       |       |     5 |    40 ||    45
